 Dungeon Crawl Stone Soup version 0.29-a0-1027-gcd8c55af63 (webtiles) character file.

Game seed: 10401925285534972716

163 Plasmagod the Firebug (level 5, -2/38 HPs)
             Began as a Draconian Fire Elementalist on Aug 13, 2022.
             Splashed by a jelly's acid (10 damage)
             ... on level 3 of the Dungeon.
             The game lasted 00:05:15 (2256 turns).

Plasmagod the Firebug (Draconian Fire Elementalist) Turns: 2256, Time: 00:05:15

Health: -2/38      AC:  1    Str: 10    XL:     5   Next: 20%
Magic:  3/18       EV: 12    Int: 17    God:
Gold:   102        SH:  0    Dex: 12    Spells: 7/10 levels left

rFire   . . .      SeeInvis .   (no weapon)
rCold   . . .      Faith    .   (no shield)
rNeg    . . .      Spirit   .   (body armour unavailable)
rPois   .          Reflect  .   (helmet restricted)
rElec   .          Harm     .   (no cloak)
rCorr   .          Rampage  .   (no gloves)
Will    .....                   (no boots)
Stlth   ++........              (no amulet)
HPRegen 0.12/turn               d - ring of magical power
MPRegen 0.16/turn               (no ring)

@: corroded
A: AC +5, unfitting armour, cold-blooded
a: no special abilities


You were on level 3 of the Dungeon.
You visited 1 branch of the dungeon, and saw 3 of its levels.

You collected 102 gold pieces.

Inventory:

Jewellery
 d - a ring of magical power (left hand)
 h - a +4 ring of protection
Scrolls
 b - 6 scrolls of identify {unknown}
 c - a scroll of torment {unknown}
 g - a scroll of fog {unknown}
 l - a scroll of teleportation {unknown}
Potions
 a - a potion of magic
 e - 2 potions of heal wounds {unknown}
 f - a potion of might {unknown}
 i - 2 potions of attraction {unknown}
 j - a potion of lignification {unknown}
 k - a potion of curing {unknown}
 m - a potion of flight {unknown}
 n - a potion of degeneration {unknown}
 o - a potion of berserk rage {unknown}


   Skills:
 - Level 1.9 Dodging
 - Level 2.0 Stealth
 + Level 3.2 Spellcasting
 + Level 2.8 Conjurations
 + Level 4.1 Fire Magic


You had 7 spell levels left.
You knew the following spells:

 Your Spells              Type           Power      Damage    Failure   Level
a - Foxfire               Conj/Fire      56%        2x1d6     4%          1
b - Scorch                Fire           32%        2d7       4%          2

Your spell library contained the following spells:

 Spells                   Type           Power      Damage    Failure   Level
 Conjure Flame            Conj/Fire      14%        6-21      12%         3
 Sandblast                Erth           4%         2d4       17%         1
 Inner Flame              Hex/Fire       9%         N/A       22%         3
 Passwall                 Tmut/Erth      1%         N/A       26%         2
 Stone Arrow              Conj/Erth      14%        3d7       28%         3
 Flame Wave               Conj/Fire      14%        2d6       38%         4


Dungeon Overview and Level Annotations

Branches:
Dungeon (3/15)

Altars:
Trog


Innate Abilities, Weirdness & Mutations

Your plain brown scales are hard. (AC +5)
You cannot fit into any form of body armour.
You are cold-blooded and may be slowed by cold attacks.


Message History

Casting: Scorch (safe; 4% risk of failure)
Confirm with . or Enter, or press ? or * to list all spells.
Flames lash the jelly.
The jelly is heavily wounded.
The jelly's fire resistance burns away.
The jelly hits you but does no damage.
Casting: Scorch (safe; 4% risk of failure)
Confirm with . or Enter, or press ? or * to list all spells.
Flames lash the jelly.
The jelly is moderately wounded.
The jelly's fire resistance burns away.
The jelly hits you. The acid corrodes you!
You are splashed with acid!
Casting: Scorch (safe; 4% risk of failure)
Confirm with . or Enter, or press ? or * to list all spells.
Flames lash the jelly.
The jelly is burned terribly!
You kill the jelly!
An endoplasm comes into view.
The jelly barely misses you.
You have reached level 5!
Casting: Scorch (safe; 4% risk of failure)
Confirm with . or Enter, or press ? or * to list all spells.
Flames lash the endoplasm.
You kill the endoplasm!
The jelly hits you.
You are splashed with acid!
Casting: Scorch (safe; 4% risk of failure)
Confirm with . or Enter, or press ? or * to list all spells.
Flames lash the endoplasm.
The endoplasm is severely wounded.
The endoplasm's fire resistance burns away.
The jelly is no longer more vulnerable to fire.
The jelly hits you.
You are splashed with acid!
* * * LOW HITPOINT WARNING * * *
An endoplasm comes into view.
Things that are here:
a +0 short sword; a kobold corpse The jelly attacks as you move away!
The jelly closely misses you.
The endoplasm is no longer more vulnerable to fire.
The jelly attacks as you move away! The jelly hits you.
* * * LOW HITPOINT WARNING * * *
You are splashed with acid!
You die...

.##.##..)###...##..##.##.#..#....
.##.##)..........................
.........###...##.....#..#.......
.##.##...####..###.##.#..#..#....
...................(.............
........>....#############..##...
.##.##.########## #.......
.##.###########.## #.......
###.#####....#.#@# #..##... #
#.#.##.....#.#J# #..###.. #
#...'.))...#'#.# #..###..
###...'.)......#J# #....<..
.##.#.'........#J# #..###..
.##.#.##.......#J# #..# #..
.##.#####......##'..J÷÷. #..# #..
.##.############ #...... #..###..
.......# ###### #.......


You could see 2 jellies and 2 endoplasms.

Vanquished Creatures
  A jelly (D:3)
  Jessica (D:2)
  4 gnolls (D:3)
  An adder (D:2)
  A worm (D:3)
  2 dart slugs
  5 ball pythons (D:1)
  5 endoplasms
  A giant cockroach (D:2)
  3 goblins
  4 hobgoblins
  2 jackals (D:1)
  11 kobolds
  2 quokkas
  5 bats
  A frilled lizard (D:2)
  5 rats
54 creatures vanquished.

Vanquished Creatures (collateral kills)
  A foxfire (D:2)
1 creature vanquished.

Vanquished Creatures (others)
  138 foxfires
  2 fungi (D:3)
  9 toadstools (D:3)
149 creatures vanquished.

Grand Total: 204 creatures vanquished

Notes
Turn   | Place    | Note
-------+----------+-------------------------------------------
     0 | D:1      | Plasmagod the Draconian Fire Elementalist began the quest
                  | for the Orb.
     0 | D:1      | Reached XP level 1. HP: 14/14 MP: 3/3
   478 | D:1      | Reached XP level 2. HP: 20/20 MP: 1/5
  1084 | D:2      | Noticed Jessica
  1090 | D:2      | Reached XP level 3. HP: 26/26 MP: 6/6
  1099 | D:2      | Killed Jessica
  1134 | D:2      | Learned a level 2 spell: Scorch
  1209 | D:2      | Reached XP level 4. HP: 33/33 MP: 8/8
  1934 | D:3      | Found a bloodstained altar of Trog.
  2123 | D:3      | Reached skill level 4 in Fire Magic
  2249 | D:3      | Reached XP level 5. HP: 28/38 MP: 6/9
  2256 | D:3      | Splashed by a jelly's acid

Illustrated notes

Levels and vault maps discovered:
D:1:      dpeg_arrival_concentric_ovals, layout_rooms
D:2:      layout_loops_cross, guppyfry_early_lair_pool, uniq_jessica
D:3:      cheibrodos_fertilizer, layout_basic, bloody_trog,
          hellmonk_ecumenical_altar_zigzags

Skill      XL: |  1  2  3  4 |
---------------+-------------+-----
Stealth        | 2 |  2.0
Conjurations   | 2 |  2.8
Spellcasting   | 3 |  3.2
Fire Magic     | 4 |  4.1
Dodging        | |  1.9

Action                   |  1- 3 |  4- 6 || total
-------------------------+-------+-------++-------
Melee: Unarmed           |    33 |     9 ||    42
       Tailslap          |     3 |     1 ||     4
 Cast: Foxfire           |    39 |    41 ||    80
       Scorch            |       |     9 ||     9
Armor: Skin              |     5 |    11 ||    16
Dodge: Dodged            |    27 |    15 ||    42

Table legend: (Time is in decaauts)
 A = Elapsed time spent in this place.
 B = Non-inter-level travel time spent in this place.
 C = Inter-level travel time spent in this place.
 D = Time resting spent in this place.
 E = Time spent auto-exploring this place.
 F = Levels seen in this place.
 G = Mean time per level.
                   A        B        C        D        E       F      G
               +--------+--------+--------+--------+--------+-----+--------+
         Total |   2262 |   2239 |     23 |      0 |   1908 |   3 |  754.0 |
       Dungeon |   2262 |   2239 |     23 |      0 |   1908 |   3 |  754.0 |
               +--------+--------+--------+--------+--------+-----+--------+

Top non-repeatable levels by time:
     D:1: 1062 daAuts
     D:2: 764 daAuts
     D:3: 435 daAuts
